 Dungeon Crawl Stone Soup version 0.26.1-11-gd32895ea62 (webtiles) character file.

Game seed: 6341775847414927890

26 Zeld the Insei (level 3, 0/23 HPs)
             Began as an Octopode Transmuter on June 1, 2021.
             Slain by an adder (2 damage)
             ... on level 2 of the Dungeon.
             The game lasted 00:01:09 (1414 turns).

Zeld the Insei (Octopode Transmuter)                Turns: 1414, Time: 00:01:09

Health: 0/23       AC:  1    Str: 10    XL:     3   Next: 8%
Magic:  4/6        EV: 13    Int: 15    God:
Gold:   78         SH:  0    Dex: 12    Spells: 3/6 levels left

rFire    . . .     SeeInvis .     - Unarmed
rCold    . . .     Faith    .   (no shield)
rNeg     . . .     Spirit   .   (helmet currently unavailable)
rPois    .         Reflect  .   (no amulet)
rElec    .         Harm     .   (no ring)
rCorr    .         Rampage  .   (no ring)
Will     .....                  (no ring)
Stlth    ++........             (no ring)
HPRegen  0.07/turn              (no ring)
MPRegen  0.10/turn              (no ring)
                                (no ring)
                                (no ring)

@: lethally poisoned (0 -> -5), appendages, very slightly contaminated
A: almost no armour, stealthy swim, amphibious, 8 rings, constrict 8, tentacle
spike 3, camouflage 1, gelatinous body 1
a: End Transformation


You were on level 2 of the Dungeon.
One of your tentacles had a temporary spike.
You visited 1 branch of the dungeon, and saw 3 of its levels.

You collected 78 gold pieces.

Inventory:

Jewellery
 c - an uncursed ring of flight {unknown}
Scrolls
 b - a scroll of teleportation {unknown}
 e - a scroll of noise {unknown}
 f - a scroll of remove curse {unknown}
Potions
 a - 2 potions of curing {unknown}
 d - a potion of degeneration {unknown}
 g - a potion of ambrosia {unknown}
 h - a potion of resistance {unknown}


   Skills:
 + Level 1.4 Fighting
 + Level 2.2 Dodging
 - Level 3.0 Unarmed Combat
 * Level 2.4 Spellcasting
 * Level 2.5 Transmutations


You had 3 spell levels left.
You knew the following spells:

 Your Spells              Type           Power        Failure   Level
a - Beastly Appendage     Tmut           18%          8%          1
b - Wereblood             Tmut           9%           11%         2

Your spell library contained the following spells:

 Spells                   Type           Power        Failure   Level
 Spider Form              Tmut/Pois      2%           36%         3
 Ice Form                 Ice/Tmut       5%           77%         4
 Blade Hands              Tmut           4%           90%         5


Dungeon Overview and Level Annotations

Branches:
Dungeon (3/15)

Altars:


Innate Abilities, Weirdness & Mutations

You cannot wear most types of armour.
You are very stealthy in the water. (Stealth+)
You are amphibious.
You can wear up to eight rings at the same time.
You can use your tentacles to constrict eight enemies at once.
Your skin changes colour to match your surroundings (Stealth+).
Your rubbery body absorbs attacks. (AC +1, EV +1)
One of your tentacles bears a large vicious spike.


Message History

There is a stone staircase leading down here.
The adder hisses angrily.
Found 9 gold pieces.
Casting: Wereblood (safe; 11% risk of failure)
Confirm with . or Enter, or press ? or * to list all spells.
You miscast Beastly Appendage.
You are very lightly contaminated with residual magic.
Nothing appears to happen.
Casting: Beastly Appendage (safe; 8% risk of failure)
Confirm with . or Enter, or press ? or * to list all spells.
One of your tentacles grows a vicious spike.
The adder closely misses you. The adder bites you.
* * * LOW HITPOINT WARNING * * *
You are lethally poisoned!
The adder poisons you!
You barely miss the adder. Your grab misses the adder.
* * * LOW HITPOINT WARNING * * *
You feel sick. The adder bites you.
You die...

#### $.# #..
#######.###
........S@#
######.####..
#>........
#.S###....
#..# #. .....
##......
#..#.....
#..###.##


You could see an adder.

Vanquished Creatures
  An ooze (D:1)
  A leopard gecko (D:3)
  2 orcs (D:3)
  2 ball pythons
  3 goblins (D:1)
  2 hobgoblins
  A quokka (D:3)
  4 bats (D:1)
  A frilled lizard (D:1)
  A kobold (D:1)
  2 rats
20 creatures vanquished.

Notes
Turn   | Place    | Note
-------+----------+-------------------------------------------
     0 | D:1      | Zeld the Octopode Transmuter began the quest for the Orb.
     0 | D:1      | Reached XP level 1. HP: 13/13 MP: 3/3
   195 | D:1      | Reached XP level 2. HP: 6/18 MP: 5/5
   206 | D:1      | Learned a level 2 spell: Wereblood
  1044 | D:1      | You fall into a shaft and drop 1 floor!
  1249 | D:3      | Reached XP level 3. HP: 16/23 MP: 2/6
  1414 | D:2      | Slain by an adder

Illustrated notes

Levels and vault maps discovered:
D:1:      dpeg_arrival_connections, layout_rooms, minmay_tetromino_l4
D:2:      layout_basic, lemuel_doored_altar, amethyst_overflow_temple_binary,
          minmay_misc_feat_cross
D:3:      layout_loops_ring, nrook_mini_vaults, kennysheep_generic_room_14,
          uniq_terence, uniq_grinder

Action                   || total
-------------------------++-------
Melee: Unarmed           ||    48
       Constrict         ||    15
       Kick              ||     7
       Tentacles         ||     5
 Cast: Beastly Appendage ||    12
       Wereblood         ||     1
 Stab: Sleeping          ||     2
Armor: Skin              ||    11
Dodge: Dodged            ||    61
